 Dungeon Crawl Stone Soup version 0.26-a0-651-gb41185065b (webtiles) character file.

Game seed: 14981520708050734845

95 kae the Ruffian (level 4, -6/35 HPs)
             Began as a Draconian Transmuter on Oct 22, 2020.
             Was an Initiate of Wu Jian.
             Mangled by an orc warrior
             ... wielding a +0 scimitar
              (16 damage)
             ... on level 4 of the Dungeon.
             The game lasted 00:02:41 (3301 turns).

kae the Ruffian (Draconian Transmuter)              Turns: 3301, Time: 00:02:42

Health: -6/35      AC:  2    Str: 13    XL:     4   Next: 40%
Magic:  4/7        EV: 23    Int: 13    God:    Wu Jian [......]
Gold:   229        SH:  0    Dex: 17    Spells: 1/7 levels left

rFire    . . .     SeeInvis .     - Unarmed
rCold    . . .     Faith    .   (shield currently unavailable)
rNeg     . . .     Spirit   .   (armour unavailable)
rPois    x         Reflect  .   (helmet currently unavailable)
rElec    .         Harm     .   (cloak currently unavailable)
rCorr    .         Rampage  .   (gloves currently unavailable)
MR       +....                  (boots currently unavailable)
Stlth    ++........             (no amulet)
HPRegen  0.11/turn              j - +4 ring of evasion
MPRegen  0.10/turn              i - ring of protection from magic

@: spider-form
A: tiny, unfitting armour, AC +5
a: End Transformation, Renounce Religion


You were on level 4 of the Dungeon.
You worshipped Wu Jian.
Wu Jian was noncommittal.
You were a venomous arachnid creature.
You visited 2 branches of the dungeon, and saw 5 of its levels.

You collected 229 gold pieces.

Inventory:

Jewellery
 i - a ring of protection from magic (right front leg)
 j - a +4 ring of evasion (left front leg)
Scrolls
 a - a scroll of enchant armour
Potions
 b - a potion of haste
 c - a potion of heal wounds {unknown}
 d - 2 potions of curing {unknown}
 e - 2 potions of lignification {unknown}
 f - a potion of might {unknown}


   Skills:
 - Level 1.1 Fighting
 - Level 1.7 Dodging
 * Level 4.6 Unarmed Combat
 - Level 2.0 Spellcasting
 + Level 3.0 Transmutations


You had one spell level left.
You knew the following spells:

 Your Spells              Type           Power        Failure   Level
a - Beastly Appendage     Tmut           #.....       19%         1
b - Wereblood             Tmut           #.......     26%         2
c - Spider Form           Tmut/Pois      #.........   61%         3

Your spell library contained the following spells:

 Spells                   Type           Power        Failure   Level
 Ice Form                 Ice/Tmut       #.......     92%         4
 Blade Hands              Tmut           #.........   97%         5


Dungeon Overview and Level Annotations

Branches:
Dungeon (4/15)             Temple (1/1) D:4

Altars:
Ashenzari
Cheibriados
Dithmenos
Elyvilon
Fedhas
Gozag
Hepliaklqana
Kikubaaqudgha
Makhleb
Nemelex Xobeh
Okawaru
Qazlal
Ru
Sif Muna
Trog
Uskayaw
Vehumet
Wu Jian
Xom
Yredelemnul
Zin
The Shining One

Annotations:
D:4 Wiebster667's ghost, amateur DDFi


Innate Abilities, Weirdness & Mutations

((Your plain brown scales are hard. (AC +5)))
You cannot fit into any form of body armour.
((You are cold-blooded and may be slowed by cold attacks.))


Message History

You can't go down here!
You climb upwards.
Welcome back to the Dungeon!
You hear the sound of rushing water.
There is an entrance to a sewer on this level.
Hurry and find it before the portal rusts away!
Level annotation: Wiebster667's ghost, amateur DDFi You hear the quick rusting of a drain nearby.
There is a staircase to the Ecumenical Temple here.
You hit the orc warrior.
The orc warrior is poisoned.
The orc warrior is lightly wounded.
The orc warrior hits you with a +0 scimitar!!
Ouch! That really hurt!
* * * LOW HITPOINT WARNING * * *
You barely miss the orc warrior.
The orc warrior is lightly wounded.
The orc warrior closely misses you.
You hit the orc warrior but do no damage.
The orc warrior looks as sick as possible!
The orc warrior is lightly wounded.
The orc warrior hits you with a +0 scimitar!
You die...

o8#.#.##.#####.##.####........#
S##..........#.##.............#
##....##.###.#.....############
......##.# #.....#.# .....
...##.##.# #####.#.# ....#
#####.##.# ###'### .oo.#
......##.# #.....# ....#
####.....# #o###.###.o..#
##.......## +oos#.'.#)...#
##........+ #.###.#......#
##........# #.....###....#
##........# ###+### ....#
##.....#..# ..### .####.....#
.## .######..## .# ........>#
.# ..######## ..


You could see an orc warrior (extremely poisoned), an orc priest and an orc.

Vanquished Creatures
  An adder (D:4)
  An ooze (D:2)
  2 dart slugs
  3 leopard geckos
  5 orcs
  2 ball pythons (D:1)
  2 giant cockroaches
  9 goblins
  6 hobgoblins
  10 jackals (D:1)
  7 bats
  A frilled lizard (D:1)
  9 kobolds
  8 rats
66 creatures vanquished.

Notes
Turn   | Place    | Note
-------+----------+-------------------------------------------
     0 | D:1      | kae the Draconian Transmuter began the quest for the Orb.
     0 | D:1      | Reached XP level 1. HP: 16/16 MP: 3/3
   152 | D:1      | Reached XP level 2. HP: 13/23 MP: 5/5
   783 | D:1      | Reached XP level 3. HP: 26/28 MP: 4/6
   800 | D:1      | Learned a level 2 spell: Wereblood
   804 | D:1      | Learned a level 3 spell: Spider Form
  1070 | D:1      | Reached skill level 4 in Unarmed Combat
  1387 | D:2      | Found a shadowy altar of Dithmenos.
  2491 | D:3      | Reached XP level 4. HP: 27/35 MP: 7/7
  2603 | D:3      | Found a shimmering blue altar of Sif Muna.
  2961 | D:4      | Noticed Wiebster667's ghost (amateur DDFi)
  2996 | D:4      | Found a staircase to the Ecumenical Temple.
  3003 | D:4      | Noticed an orc warrior
  3019 | Temple   | Entered the Ecumenical Temple
  3223 | Temple   | Became a worshipper of the Wu Jian Council
  3301 | D:4      | Mangled by an orc warrior

Illustrated notes

Levels and vault maps discovered:
D:1:      psy_arrival_dodecagon, layout_loops_ring, minmay_tree_intersection,
          hex_medium, minmay_misc_feat_columns
D:2:      layout_basic, grunt_dithmenos_smoke_and_mirrors
D:3:      layout_basic, overflow_temple_1_default, minmay_misc_feat_tower
D:4:      layout_basic, minmay_temple_entry_glassed_door, gammafunk_ghost_arena,
          cheibrodos_sewer_entry_drain
Temple:   minmay_crystal_snake_temple

Skill      XL: |  1  2  3  4 |
---------------+-------------+-----
Unarmed Combat | 4 |  4.6
Transmutations | 3 |  3.0
Fighting       | |  1.1
Dodging        | |  1.7
Spellcasting   | |  2.0

Action                   |  1- 3 |  4- 6 || total
-------------------------+-------+-------++-------
Melee: Unarmed           |   171 |    35 ||   206
       Kick              |    14 |     3 ||    17
       Headbutt          |    15 |     3 ||    18
       Tailslap          |    15 |     2 ||    17
       Punch             |     2 |       ||     2
 Cast: Beastly Appendage |    29 |     6 ||    35
       Spider Form       |       |     1 ||     1
  Use: Scroll            |     7 |     4 ||    11
Armor: Skin              |    64 |     7 ||    71
Dodge: Dodged            |   118 |    13 ||   131

Table legend: (Time is in decaauts)
 A = Elapsed time spent in this place.
 B = Non-inter-level travel time spent in this place.
 C = Inter-level travel time spent in this place.
 D = Time resting spent in this place.
 E = Time spent auto-exploring this place.
 F = Levels seen in this place.
 G = Mean time per level.
                   A        B        C        D        E       F      G
               +--------+--------+--------+--------+--------+-----+--------+
         Total |   3283 |   3151 |    132 |     36 |   2619 |   5 |  656.6 |
       Dungeon |   3004 |   2938 |     66 |      7 |   2446 |   4 |  751.0 |
        Temple |    278 |    212 |     66 |     29 |    173 |   1 |  278.0 |
               +--------+--------+--------+--------+--------+-----+--------+

Top non-repeatable levels by time:
     D:1: 1165 daAuts
     D:2: 994 daAuts
     D:3: 711 daAuts
  Temple: 278 daAuts
     D:4: 133 daAuts
